 Dungeon Crawl Stone Soup version 0.28.0-43-g3370ac3207 (webtiles) character file.

Game seed: 14015689706732321498

105 0gre the Conjurer (level 4, 0/32 HPs)
             Began as a Gnoll Conjurer on Mar 7, 2022.
             Was a Follower of the Shining One.
             Shot with an arrow by a centaur (14 damage)
             ... on level 4 of the Dungeon.
             The game lasted 00:10:41 (2804 turns).

0gre the Conjurer (Gnoll Conjurer)                  Turns: 2804, Time: 00:10:42

Health: 0/32       AC:  2    Str:  6    XL:     4   Next: 83%
Magic:  7/11       EV: 13    Int: 20    God:    the Shining One [*.....]
Gold:   93         SH:  0    Dex: 10    Spells: 8/13 levels left

rFire   . . .      SeeInvis .   a - +0 morningstar
rCold   . . .      Faith    .   (no shield)
rNeg    . . .      Spirit   .   i - +0 robe
rPois   .          Reflect  .   (no helmet)
rElec   .          Harm     .   (no cloak)
rCorr   .          Rampage  .   (no gloves)
Will    .....                   (no boots)
Stlth   +.........              (no amulet)
HPRegen 0.10/turn               n - ring of wizardry
MPRegen 0.12/turn               (no ring)

@: glowing
A: fangs 1, strong nose, distributed training
a: Renounce Religion, Divine Shield


You were on level 4 of the Dungeon.
You worshipped the Shining One.
The Shining One was aware of your devotion.
You visited 1 branch of the dungeon, and saw 4 of its levels.

You collected 93 gold pieces.

Inventory:

Hand Weapons
 a - a +0 morningstar (weapon)
 b - a +0 hunting sling of freezing
 c - a +0 trident
Missiles
 k - 19 sling bullets
 l - 2 boomerangs (quivered)
 m - 62 arrows
 r - 45 bolts
 t - 29 stones
Armour
 i - a +0 robe (worn)
Magical Staves
 e - a staff of air
Jewellery
 n - a ring of wizardry (left hand)
Scrolls
 d - 3 scrolls of fear {unknown}
 f - 4 scrolls of identify {unknown}
 o - a scroll of noise {unknown}
 p - 2 scrolls of teleportation {unknown}
 q - a scroll of amnesia {unknown}
Potions
 g - 2 potions of curing {unknown}
 h - a potion of heal wounds {unknown}
 j - a potion of attraction {unknown}
 s - a potion of haste {unknown}


   Skills:
 + Level 1.2 Fighting
 + Level 1.2 Short Blades
 + Level 1.2 Long Blades
 + Level 1.2 Axes
 + Level 1.2 Maces & Flails
 + Level 1.2 Polearms
 + Level 1.2 Staves
 + Level 1.2 Slings
 + Level 1.2 Bows
 + Level 1.2 Crossbows
 + Level 1.2 Throwing
 + Level 1.2 Armour
 + Level 4.7 Dodging
 + Level 4.3 Stealth
 + Level 1.2 Shields
 + Level 1.2 Unarmed Combat
 + Level 5.1 Spellcasting
 + Level 7.1 Conjurations
 + Level 1.0 Hexes
 + Level 1.0 Summonings
 + Level 1.0 Necromancy
 + Level 1.0 Translocations
 + Level 1.0 Transmutations
 + Level 1.0 Fire Magic
 + Level 1.0 Ice Magic
 + Level 1.0 Air Magic
 + Level 1.0 Earth Magic
 + Level 1.0 Poison Magic
 + Level 1.4 Invocations
 + Level 1.2 Evocations


You had 8 spell levels left.
You knew the following spells:

 Your Spells              Type           Power      Damage    Failure   Level
a - Magic Dart            Conj           100%       1d8       1%          1
b - Static Discharge      Conj/Air       21%        N/A       1%          2
q - Searing Ray           Conj           66%        2d6       1%          2

Your spell library contained the following spells:

 Spells                   Type           Power      Damage    Failure   Level
 Dazzling Flash           Conj/Hex       42%        N/A       2%          3
 Fulminant Prism          Conj/Hex       10%        3d9       9%          4
 Iskenderun's Mystic Bla  Conj/Tloc      21%        2d6       9%          4
 Sticky Flame             Conj/Fire      21%        2d4       9%          4
 Dispel Undead            Necr           9%         3d8       28%         4


Dungeon Overview and Level Annotations

Branches:
Dungeon (4/15)
 Temple: D:4-7

Altars:
Xom
The Shining One


Innate Abilities, Weirdness & Mutations

You have very sharp teeth.
Your uncanny sense of smell can sniff out nearby items.
Your experience applies equally to all skills.


Message History

(D) Dungeon
Where to? (Enter - D:3, ? - help)
What level of the Dungeon? (default 1, ? - help)
There is a stone staircase leading down here.
You climb downwards.
There is a stone staircase leading up here.
A hound comes into view.
The hound barks!
The hound moves out of view.
A ball python comes into view.
Found a runed mace.
Found a stone staircase leading down.
The ball python hisses angrily.
You hit the hound but do no damage. The hound bites you. x2
You hit the hound.
The hound is lightly wounded.
The hound bites you.
A centaur comes into view.
The hound bites you.
The centaur wields a +0 shortbow.
The centaur shoots an arrow.
The arrow hits you! The hound bites you.
The hound bites you but does no damage. The hound bites you but does no damage.
Casting: Magic Dart (safe; 1% risk of failure)
Confirm with . or Enter, or press ? or * to list all spells.
Aiming: Searing Ray (safe; 1% risk of failure)
Press: ? - help, Shift-Dir - straight line, f - ball python
Aim: a ball python (haloed, 84% to hit)
The searing ray hits the hound.
The hound is moderately wounded.
The searing ray hits the ball python!
You kill the ball python! (Press . to maintain the ray.)
The hound closely misses you.
The searing ray hits the hound!
The hound is almost dead.
The hound closely misses you. The hound bites you but does no damage.
The searing ray hits the hound!
You kill the hound!
The centaur shoots an arrow.
The arrow hits you!
You die...

#.........#.. .#............
# #.............. ..
###.........#.. ...
#............ )...
#............ .....
#............ >.....###
######.....##.##..
........###@.....#.####.....
........c....#####.####รท....
........####..##............
......... ##.......###.#...
........# ##....###.......
........# .###....###.#.....
.......## .........#..#).#..
....... ####....<......#..
...... #...........# .


You could see a centaur.

Vanquished Creatures
  A hound (D:4)
  A hound zombie (D:3)
  2 adders
  A worm (D:2)
  3 dart slugs (D:1)
  3 orcs
  6 endoplasms
  A giant cockroach (D:1)
  5 goblins
  5 hobgoblins
  8 jackals
  A quokka (D:1)
  4 ball pythons
  5 bats
  3 frilled lizards
  4 kobolds
  3 rats
56 creatures vanquished.

Notes
Turn   | Place    | Note
-------+----------+-------------------------------------------
     0 | D:1      | 0gre the Gnoll Conjurer began the quest for the Orb.
     0 | D:1      | Reached XP level 1. HP: 13/13 MP: 6/6
    25 | D:1      | Found a faded altar of an unknown god.
   195 | D:1      | Reached XP level 2. HP: 19/19 MP: 5/7
   198 | D:1      | Learned a level 2 spell: Searing Ray
   675 | D:1      | Reached XP level 3. HP: 23/25 MP: 5/9
   825 | D:1      | Reached skill level 5 in Spellcasting
  1034 | D:1      | Prayed at the altar of an unknown god.
  1034 | D:1      | Became a worshipper of the Shining One
  1034 | D:1      | Reached * piety under the Shining One
  1087 | D:2      | Reached skill level 1 in Invocations
  1239 | D:2      | Found a shimmering altar of Xom.
  1323 | D:2      | You fall into a shaft and drop 2 floors!
  1376 | D:4      | Learned a level 2 spell: Static Discharge
  1408 | D:4      | Reached skill level 1 in Fighting
  1408 | D:4      | Reached skill level 1 in Short Blades
  1408 | D:4      | Reached skill level 1 in Long Blades
  1408 | D:4      | Reached skill level 1 in Axes
  1408 | D:4      | Reached skill level 1 in Maces & Flails
  1408 | D:4      | Reached skill level 1 in Polearms
  1408 | D:4      | Reached skill level 1 in Staves
  1408 | D:4      | Reached skill level 1 in Slings
  1408 | D:4      | Reached skill level 1 in Bows
  1408 | D:4      | Reached skill level 1 in Crossbows
  1408 | D:4      | Reached skill level 1 in Throwing
  1408 | D:4      | Reached skill level 1 in Armour
  1408 | D:4      | Reached skill level 1 in Shields
  1408 | D:4      | Reached skill level 1 in Unarmed Combat
  1408 | D:4      | Reached skill level 1 in Evocations
  1408 | D:4      | Reached XP level 4. HP: 27/32 MP: 11/11
  2260 | D:3      | Reached skill level 1 in Hexes
  2260 | D:3      | Reached skill level 1 in Summonings
  2260 | D:3      | Reached skill level 1 in Necromancy
  2260 | D:3      | Reached skill level 1 in Translocations
  2260 | D:3      | Reached skill level 1 in Transmutations
  2260 | D:3      | Reached skill level 1 in Fire Magic
  2260 | D:3      | Reached skill level 1 in Ice Magic
  2260 | D:3      | Reached skill level 1 in Air Magic
  2260 | D:3      | Reached skill level 1 in Earth Magic
  2260 | D:3      | Reached skill level 1 in Poison Magic
  2797 | D:4      | Noticed a centaur
  2804 | D:4      | Shot with an arrow by a centaur

Illustrated notes

Levels and vault maps discovered:
D:1:      eino_arrival_water_star, layout_basic, ebering_ecumenical_altar_ruins,
          item_on_display_a
D:2:      layout_rooms, basic_altar, serial_glass, glass_columns_a,
          glass_columns_a, glass_columns_c, glass_columns_a, glass_columns_c,
          glass_columns_a
D:3:      layout_basic
D:4:      layout_rooms, minmay_temple_entry_offerings

Skill      XL: |  1  2  3  4 |
---------------+-------------+-----
Spellcasting   | 5 |  5.1
Invocations    | 1 |  1.4
Fighting       | 1 |  1.2
Short Blades   | 1 |  1.2
Long Blades    | 1 |  1.2
Axes           | 1 |  1.2
Maces & Flails | 1 |  1.2
Polearms       | 1 |  1.2
Staves         | 1 |  1.2
Slings         | 1 |  1.2
Bows           | 1 |  1.2
Crossbows      | 1 |  1.2
Throwing       | 1 |  1.2
Armour         | 1 |  1.2
Shields        | 1 |  1.2
Unarmed Combat | 1 |  1.2
Evocations     | 1 |  1.2
Hexes          | 1 |  1.0
Summonings     | 1 |  1.0
Necromancy     | 1 |  1.0
Translocations | 1 |  1.0
Transmutations | 1 |  1.0
Fire Magic     | 1 |  1.0
Ice Magic      | 1 |  1.0
Air Magic      | 1 |  1.0
Earth Magic    | 1 |  1.0
Poison Magic   | 1 |  1.0
Dodging        | |  4.7
Stealth        | |  4.3
Conjurations   | |  7.1

Action                   |  1- 3 |  4- 6 || total
-------------------------+-------+-------++-------
Melee: Trident           |    12 |       ||    12
       Flail             |     3 |     2 ||     5
       Morningstar       |       |    38 ||    38
       Bite              |       |     2 ||     2
       Punch             |       |     1 ||     1
 Fire: Hunting sling     |    17 |     7 ||    24
Throw: Boomerang         |       |     5 ||     5
 Cast: Magic Dart        |    42 |     3 ||    45
       Searing Ray       |     1 |     2 ||     3
Armor: Robe              |     3 |     6 ||     9
Dodge: Dodged            |    12 |    32 ||    44
